TOP OF THE 1ST |
University of Illinois Fighting Illini batting - Pitching for Pennsylvania State University Nittany Lions : LHP Jeremy Bravo
|
Pitching: LHP Jeremy Bravo
|
|
Batting: SHB Ryan Marsh
|
0-0: Ball 1-0: Fly out, F7 (Flyball, 7, EV 92.5 MPH)
|
Batting: RHB James Lewis
|
0-0: Ball 1-0: Ball 2-0: Ground out 5-3 (Groundball, 5S, EV 90.0 MPH)
|
Batting: RHB D.J. Sheldon
|
0-0: Ball 1-0: Foul Ball, location: 2F 1-1: Foul Ball, location: 2F 1-2: Ball 2-2: Foul Ball, location: 2F 2-2: Strikes out swinging
|
Top of the 1st over - 0 runs, 0 hits, 0 errors, 0 left on base; University of Illinois 0 - Pennsylvania State University 0 |
BOTTOM OF THE 1ST |
Pennsylvania State University Nittany Lions batting - Pitching for University of Illinois Fighting Illini : RHP Adri van den Akker
|
Pitching: RHP Adri van den Akker
|
|
Batting: RHB Jesse Bandt
|
0-0: Foul Ball, location: 2F 0-1: Swinging Strike 0-2: Foul Ball, location: 2F 0-2: Foul Ball, location: 2F 0-2: Ball 1-2: Strikes out swinging
|
Batting: RHB Pete Martin
|
0-0: Called Strike 0-1: Ball 1-1: Foul Ball, location: 2F 1-2: Ball 2-2: Ball 3-2: Fly out, F5 (Popup, 6S, EV 66.9 MPH)
|
Batting: RHB Josh Ebeling
|
0-0: Ball 1-0: Foul Ball, location: 2F 1-1: Ball 2-1: Fly out, F5 (Popup, 15, EV 89.4 MPH)
|
Bottom of the 1st over - 0 runs, 0 hits, 0 errors, 0 left on base; University of Illinois 0 - Pennsylvania State University 0 |
TOP OF THE 2ND |
University of Illinois Fighting Illini batting - Pitching for Pennsylvania State University Nittany Lions : LHP Jeremy Bravo
|
Batting: RHB Matt Lapthorne
|
0-0: Foul Ball, location: 2F 0-1: Ball 1-1: Called Strike 1-2: Ball 2-2: Ball 3-2: Foul Ball, location: 2F 3-2: Reached on error, E5 (Groundball, 5, EV 102.5 MPH)
|
Batting: RHB Omar Cruz
|
0-0: Called Strike 0-1: Ball 1-1: Ball 2-1: Swinging Strike 2-2: Ball 3-2: Foul Ball, location: 2F 3-2: Ground out 5-3 (Groundball, 56, EV 105.0 MPH)
|
Batting: RHB Joe Kirschner
|
0-0: Called Strike 0-1: Foul Ball, location: 2F 0-2: Ball 1-2: Ball 2-2: SINGLE (Line Drive, 89M, EV 105.0 MPH) Matt Lapthorne to third
|
Batting: RHB Bobby Merritt
|
0-0: Foul Ball, location: 2F 0-1: Ball 1-1: Fly out, F9 (Flyball, 9, EV 86.9 MPH) Runner from 3rd tags up, SCORES, throw by RF
|
Batting: RHB Lynn Shere
|
0-0: Ball 1-0: Ball 2-0: Called Strike 2-1: Ball 3-1: Fielders Choice at 2nd, 6-4 (Groundball, 6, EV 82.5 MPH)
|
Top of the 2nd over - 1 run, 1 hit, 1 error, 1 left on base; University of Illinois 1 - Pennsylvania State University 0 |
BOTTOM OF THE 2ND |
Pennsylvania State University Nittany Lions batting - Pitching for University of Illinois Fighting Illini : RHP Adri van den Akker
|
Batting: RHB Rob Hinojosa
|
0-0: Called Strike 0-1: Ground out 1-3 (Groundball, 13, EV 66.2 MPH)
|
Batting: RHB Joe Strachan
|
0-0: Called Strike 0-1: Fly out, F9 (Flyball, 9, EV 73.8 MPH)
|
Batting: RHB Francisco Velazquez
|
0-0: Ball 1-0: Swinging Strike 1-1: Swinging Strike 1-2: Strikes out looking
|
Bottom of the 2nd over - 0 runs, 0 hits, 0 errors, 0 left on base; University of Illinois 1 - Pennsylvania State University 0 |
TOP OF THE 3RD |
University of Illinois Fighting Illini batting - Pitching for Pennsylvania State University Nittany Lions : LHP Jeremy Bravo
|
Batting: RHB Hector Flores
|
0-0: Swinging Strike 0-1: Ball 1-1: SINGLE (Line Drive, 34D, EV 99.4 MPH)
|
Batting: SHB Ryan Marsh
|
0-0: Grounds into double play, 6-4-3 (Groundball, 6M, EV 103.8 MPH)
|
Batting: RHB James Lewis
|
0-0: SINGLE (Flyball, 56D, EV 98.1 MPH)
|
Batting: RHB D.J. Sheldon
|
0-0: Ball 1-0: Called Strike 1-1: Ball 2-1: Ball 3-1: Base on Balls James Lewis to second
|
Batting: RHB Matt Lapthorne
|
0-0: Swinging Strike 0-1: Called Strike 0-2: Ball 1-2: Ball 2-2: Ball 3-2: DOUBLE (Line Drive, 89M, EV 97.5 MPH) James Lewis scores D.J. Sheldon to third D.J. Sheldon scores
|
Batting: RHB Omar Cruz
|
0-0: Foul Ball, location: 2F 0-1: Ball 1-1: Ground out 1-3 (Groundball, 34S, EV 64.4 MPH)
|
Top of the 3rd over - 2 runs, 3 hits, 0 errors, 1 left on base; University of Illinois 3 - Pennsylvania State University 0 |
BOTTOM OF THE 3RD |
Pennsylvania State University Nittany Lions batting - Pitching for University of Illinois Fighting Illini : RHP Adri van den Akker
|
Batting: RHB Kevin Claus
|
0-0: Foul Ball, location: 2F 0-1: Ball 1-1: SINGLE (Groundball, 6, EV 105.0 MPH)
|
Batting: RHB Guy Jock
|
0-0: Ball 1-0: Ball 2-0: Ball 3-0: Base on Balls Kevin Claus to second
|
Batting: LHB Dan Lape
|
0-0: Ball 1-0: Ball 2-0: 3-RUN HOME RUN (Flyball, 7LD, EV 95.6 MPH), Distance : 343 ft
|
Batting: RHB Jesse Bandt
|
0-0: Ball 1-0: Ball 2-0: Fly out, F8 (Flyball, 89M, EV 85.0 MPH)
|
Batting: RHB Pete Martin
|
0-0: Ball 1-0: Ball 2-0: Ball 3-0: Called Strike 3-1: Foul Ball, location: 2F 3-2: Ground out 6-3 (Groundball, 56, EV 84.4 MPH)
|
Batting: RHB Josh Ebeling
|
0-0: Ball 1-0: Fly out, F9 (Flyball, 9LM, EV 91.2 MPH)
|
Bottom of the 3rd over - 3 runs, 2 hits, 0 errors, 0 left on base; University of Illinois 3 - Pennsylvania State University 3 |
TOP OF THE 4TH |
University of Illinois Fighting Illini batting - Pitching for Pennsylvania State University Nittany Lions : LHP Jeremy Bravo
|
Batting: RHB Joe Kirschner
|
0-0: Foul Ball, location: 2F 0-1: Ball 1-1: Ball 2-1: Swinging Strike 2-2: Ball 3-2: SINGLE (Groundball, 6MD, EV 105.6 MPH)
|
Batting: RHB Bobby Merritt
|
0-0: Ball 1-0: Foul Ball, location: 2F 1-1: Fly out, F7 (Flyball, 78M, EV 91.2 MPH)
|
Batting: RHB Lynn Shere
|
0-0: DOUBLE (Flyball, 8LXD, EV 101.2 MPH) Joe Kirschner to third
|
Batting: RHB Hector Flores
|
0-0: Ball 1-0: Called Strike 1-1: Ball 2-1: Foul Ball, location: 2F 2-2: Ball 3-2: Fly out, F3 (Popup, 3L, EV 80.0 MPH)
|
Batting: SHB Ryan Marsh
|
0-0: Ball 1-0: Ball Wild Pitch! Joe Kirschner scores Lynn Shere to third 2-0: Ball 3-0: Called Strike 3-1: Ground out 6-3 (Groundball, 6, EV 86.9 MPH)
|
Top of the 4th over - 1 run, 2 hits, 0 errors, 1 left on base; University of Illinois 4 - Pennsylvania State University 3 |
BOTTOM OF THE 4TH |
Pennsylvania State University Nittany Lions batting - Pitching for University of Illinois Fighting Illini : RHP Adri van den Akker
|
Batting: RHB Rob Hinojosa
|
0-0: Ball 1-0: SOLO HOME RUN (Flyball, 7D, EV 97.5 MPH), Distance : 388 ft
|
Batting: RHB Joe Strachan
|
0-0: Ground out 5-3 (Groundball, 56S, EV 72.5 MPH)
|
Batting: RHB Francisco Velazquez
|
0-0: Called Strike 0-1: Ball 1-1: Foul Ball, location: 2F 1-2: Ground out 5-3 (Groundball, 5S, EV 62.5 MPH)
|
Batting: RHB Kevin Claus
|
0-0: Called Strike 0-1: Ball 1-1: Single, Error in OF, E7, batter to second base (Groundball, 5, EV 96.9 MPH)
|
Batting: RHB Guy Jock
|
0-0: Ball 1-0: Swinging Strike 1-1: Foul Ball, location: 2F 1-2: Ground out 4-3 (Groundball, 34, EV 98.1 MPH)
|
Bottom of the 4th over - 1 run, 2 hits, 1 error, 1 left on base; University of Illinois 4 - Pennsylvania State University 4 |
TOP OF THE 5TH |
University of Illinois Fighting Illini batting - Pitching for Pennsylvania State University Nittany Lions : LHP Jeremy Bravo
|
Batting: RHB James Lewis
|
0-0: Swinging Strike 0-1: Fly out, F7 (Flyball, 7S, EV 83.8 MPH)
|
Batting: RHB D.J. Sheldon
|
0-0: Ball 1-0: Ball 2-0: Foul Ball, location: 2F 2-1: Ball 3-1: Foul Ball, location: 2F 3-2: Ground out 1-3 (Groundball, 13, EV 72.5 MPH)
|
Batting: RHB Matt Lapthorne
|
0-0: Swinging Strike 0-1: Ball 1-1: Foul Ball, location: 2F 1-2: Ball 2-2: Foul Ball, location: 2F 2-2: Ball 3-2: Foul Ball, location: 2F 3-2: Foul Ball, location: 2F 3-2: Strikes out swinging
|
Top of the 5th over - 0 runs, 0 hits, 0 errors, 0 left on base; University of Illinois 4 - Pennsylvania State University 4 |
BOTTOM OF THE 5TH |
Pennsylvania State University Nittany Lions batting - Pitching for University of Illinois Fighting Illini : RHP Adri van den Akker
|
Batting: LHB Dan Lape
|
0-0: Ground out 4-3 (Groundball, 4, EV 86.2 MPH)
|
Batting: RHB Jesse Bandt
|
0-0: Foul Ball, location: 2F 0-1: Called Strike 0-2: Ball 1-2: Ball 2-2: Ground out 5-3 (Groundball, 56S, EV 63.8 MPH)
|
Batting: RHB Pete Martin
|
0-0: Swinging Strike 0-1: Fly out, F8 (Flyball, 8RD, EV 90.6 MPH)
|
Bottom of the 5th over - 0 runs, 0 hits, 0 errors, 0 left on base; University of Illinois 4 - Pennsylvania State University 4 |
TOP OF THE 6TH |
University of Illinois Fighting Illini batting - Pitching for Pennsylvania State University Nittany Lions : LHP Jeremy Bravo
|
Pitching: LHP Roberto Mendez
|
|
Batting: RHB Omar Cruz
|
0-0: Called Strike 0-1: Ball 1-1: Ball 2-1: Ball 3-1: Base on Balls
|
Batting: RHB Joe Kirschner
|
0-0: Bunted foul 0-1: Bunted foul 0-2: Ball 1-2: Ball 2-2: Ball 3-2: Base on Balls Omar Cruz to second
|
Batting: RHB Bobby Merritt
|
0-0: Called Strike 0-1: Ball 1-1: Ball 2-1: Foul Ball, location: 2F 2-2: Ball 3-2: Fly out, F8 (Line Drive, 8LM, EV 105.6 MPH)
|
Batting: RHB Lynn Shere
|
0-0: Foul Ball, location: 2F 0-1: Swinging Strike 0-2: Strikes out swinging
|
Batting: RHB Hector Flores
|
0-0: Ball 1-0: SINGLE (Flyball, 7S, EV 88.1 MPH) Omar Cruz to third Joe Kirschner to second Runner from 3rd tries for Home, SAFE, throw by LF to home
|
Batting: SHB Ryan Marsh
|
0-0: Fly out, F9 (Flyball, 89M, EV 82.5 MPH)
|
Top of the 6th over - 1 run, 1 hit, 0 errors, 2 left on base; University of Illinois 5 - Pennsylvania State University 4 |
BOTTOM OF THE 6TH |
Pennsylvania State University Nittany Lions batting - Pitching for University of Illinois Fighting Illini : RHP Adri van den Akker
|
Batting: RHB Josh Ebeling
|
0-0: Foul Ball, location: 2F 0-1: Called Strike 0-2: Ball 1-2: Foul Ball, location: 2F 1-2: Foul Ball, location: 2F 1-2: Ball 2-2: SINGLE (Line Drive, 7S, EV 89.4 MPH)
|
Batting: RHB Rob Hinojosa
|
0-0: Foul Ball, location: 2F 0-1: Ball 1-1: Foul Ball, location: 2F 1-2: Ball 2-2: Foul Ball, location: 2F 2-2: SINGLE (Line Drive, 9LS, EV 102.5 MPH) Josh Ebeling to second
|
Pitching: LHP Eric James
|
|
Batting: RHB Joe Strachan
|
0-0: Called Strike 0-1: Ball 1-1: Ball 2-1: 3-RUN HOME RUN (Flyball, 7LD, EV 93.1 MPH), Distance : 335 ft
|
Batting: RHB Francisco Velazquez
|
0-0: Fly out, F9 (Line Drive, 9, EV 101.2 MPH)
|
Batting: RHB Kevin Claus
|
0-0: Called Strike 0-1: Ball 1-1: Ball 2-1: Foul Ball, location: 2F 2-2: Ground out 6-3 (Groundball, 6, EV 88.1 MPH)
|
Batting: RHB Guy Jock
|
0-0: Ball 1-0: Ball 2-0: Foul Ball, location: 2F 2-1: Ball 3-1: Base on Balls
|
Batting: LHB Dan Lape
|
Pickoff Throw to First - Out! 1-3
|
Bottom of the 6th over - 3 runs, 3 hits, 0 errors, 0 left on base; University of Illinois 5 - Pennsylvania State University 7 |
TOP OF THE 7TH |
University of Illinois Fighting Illini batting - Pitching for Pennsylvania State University Nittany Lions : LHP Roberto Mendez
|
Pitching: RHP Hector Guzman
|
|
Batting: RHB James Lewis
|
0-0: Ball 1-0: Ball 2-0: Ball 3-0: Base on Balls
|
Batting: RHB D.J. Sheldon
|
0-0: Ball 1-0: 2-RUN HOME RUN (Flyball, 78XD, EV 108.8 MPH), Distance : 426 ft
|
Batting: RHB Matt Lapthorne
|
0-0: Fly out, F7 (Flyball, 7, EV 84.4 MPH)
|
Batting: RHB Omar Cruz
|
0-0: Swinging Strike 0-1: Ball 1-1: Ball 2-1: Swinging Strike 2-2: Strikes out swinging
|
Batting: RHB Joe Kirschner
|
0-0: Ball 1-0: Ball 2-0: Ball 3-0: Base on Balls
|
Batting: RHB Bobby Merritt
|
0-0: Ball 1-0: Ball Wild Pitch! Joe Kirschner to second 2-0: Ball 3-0: Base on Balls
|
Batting: RHB Lynn Shere
|
0-0: Foul Ball, location: 2F 0-1: Foul Ball, location: 2F 0-2: Fly out, F9 (Flyball, 9LM, EV 95.6 MPH)
|
Top of the 7th over - 2 runs, 1 hit, 0 errors, 2 left on base; University of Illinois 7 - Pennsylvania State University 7 |
BOTTOM OF THE 7TH |
Pennsylvania State University Nittany Lions batting - Pitching for University of Illinois Fighting Illini : LHP Eric James
|
Pitching: LHP Ryan Bradshaw
|
|
Batting: LHB Dan Lape
|
0-0: Ball 1-0: Ball 2-0: Ball 3-0: Base on Balls
|
Batting: RHB Jesse Bandt
|
0-0: Ball 1-0: TRIPLE (Flyball, 89XD, EV 112.5 MPH) Dan Lape scores
|
Batting: RHB Pete Martin
|
0-0: Ball 1-0: Ball 2-0: Called Strike 2-1: SINGLE (Line Drive, 4MD, EV 98.8 MPH) Jesse Bandt scores
|
Batting: RHB Josh Ebeling
|
0-0: Called Strike 0-1: Ball 1-1: Ball 2-1: Ball 3-1: Base on Balls Pete Martin to second
|
Batting: RHB Rob Hinojosa
|
0-0: Called Strike 0-1: Foul Ball, location: 2F 0-2: SINGLE (Line Drive, 9S, EV 88.1 MPH) Pete Martin to third Josh Ebeling to second
|
Batting: RHB Joe Strachan
|
0-0: Foul Ball, location: 2F 0-1: Foul Ball, location: 2F 0-2: Ball 1-2: SINGLE (Groundball, 15S, EV 67.5 MPH) (infield hit) Pete Martin scores Josh Ebeling to third Rob Hinojosa to second
|
Pitching: RHP Mo Teoh
|
|
Batting: RHB Francisco Velazquez
|
0-0: Ball 1-0: Fly out, F7 (Flyball, 7, EV 89.4 MPH)
|
Batting: RHB Kevin Claus
|
0-0: Called Strike 0-1: Fly out, F9 (Flyball, 9S, EV 87.5 MPH)
|
Batting: RHB Guy Jock
|
0-0: Foul Ball, location: 2F 0-1: Foul Ball, location: 2F 0-2: Foul Ball, location: 2F 0-2: Ball 1-2: Ball 2-2: SINGLE (Groundball, 6, EV 105.0 MPH) Josh Ebeling scores Rob Hinojosa to third Joe Strachan to second Runner from 3rd tries for Home, SAFE, throw by LF to home
|
Batting: LHB Dan Lape
|
0-0: Ball 1-0: SINGLE (Groundball, 56D, EV 95.6 MPH) Joe Strachan to third Guy Jock to second Runner from 3rd tries for Home, SAFE, throw by LF to home
|
Batting: RHB Jesse Bandt
|
0-0: Ball 1-0: Ball 2-0: Ball 3-0: Called Strike 3-1: Fielders Choice at 2nd, 6-4 (Groundball, 6, EV 76.2 MPH)
|
Bottom of the 7th over - 6 runs, 6 hits, 0 errors, 2 left on base; University of Illinois 7 - Pennsylvania State University 13 |
TOP OF THE 8TH |
University of Illinois Fighting Illini batting - Pitching for Pennsylvania State University Nittany Lions : RHP Hector Guzman
|
Pitching: LHP Yari Rono
|
|
Batting: RHB Hector Flores
|
0-0: Ball 1-0: Ground out 3-1 (Groundball, 34S, EV 89.4 MPH)
|
Batting: SHB Ryan Marsh
|
0-0: Called Strike 0-1: Foul Ball, location: 2F 0-2: Ball 1-2: Strikes out swinging
|
Batting: RHB James Lewis
|
0-0: Swinging Strike 0-1: Ball 1-1: Swinging Strike 1-2: Ball 2-2: Strikes out swinging, 2-3 out at first.
|
Top of the 8th over - 0 runs, 0 hits, 0 errors, 0 left on base; University of Illinois 7 - Pennsylvania State University 13 |
BOTTOM OF THE 8TH |
Pennsylvania State University Nittany Lions batting - Pitching for University of Illinois Fighting Illini : RHP Mo Teoh
|
Pitching: RHP Ben Robinson
|
|
Batting: RHB Pete Martin
|
0-0: Ball 1-0: Called Strike 1-1: Ball 2-1: Foul Ball, location: 2F 2-2: Foul Ball, location: 2F 2-2: SOLO HOME RUN (Flyball, 7D, EV 97.5 MPH), Distance : 383 ft
|
Batting: RHB Josh Ebeling
|
0-0: Called Strike 0-1: Ball 1-1: Fly out, F8 (Flyball, 8LXD, EV 104.4 MPH)
|
Pinch Hitting: RHB Perry Brantley
|
0-0: Ball 1-0: Ground out 5-3 (Groundball, 56, EV 92.5 MPH)
|
Batting: RHB Joe Strachan
|
0-0: Ground out 5-3 (Groundball, 56, EV 103.8 MPH)
|
Bottom of the 8th over - 1 run, 1 hit, 0 errors, 0 left on base; University of Illinois 7 - Pennsylvania State University 14 |
TOP OF THE 9TH |
University of Illinois Fighting Illini batting - Pitching for Pennsylvania State University Nittany Lions : LHP Yari Rono
|
Now in CF: Perry Brantley
|
|
Batting: LHB Matt Highfill
|
0-0: Called Strike 0-1: Ball 1-1: Called Strike 1-2: Fly out, F7 (Flyball, 7D, EV 100.6 MPH)
|
Batting: RHB Matt Lapthorne
|
0-0: Swinging Strike 0-1: Ball 1-1: Ball 2-1: Ball 3-1: Called Strike 3-2: Foul Ball, location: 2F 3-2: Foul Ball, location: 2F 3-2: Strikes out swinging
|
Batting: RHB Omar Cruz
|
0-0: Ball 1-0: Called Strike 1-1: Ball 2-1: Swinging Strike 2-2: Ball 3-2: Strikes out swinging
|
Top of the 9th over - 0 runs, 0 hits, 0 errors, 0 left on base; University of Illinois 7 - Pennsylvania State University 14 |
|